SA
NEBRASKA PLAINSMEN @ PUT-IN-BAY BC
05/06/2024
 
TOP OF THE 1ST
Nebraska Plainsmen batting - Pitching for Put-In-Bay BC : RHP Gabriel Escobar
Pitching: RHP Gabriel Escobar
Batting: RHB George St. Clair 0-0: Called Strike
0-1: Ball
1-1: Ball
2-1: Ball
3-1: Ground out 6-3 (Groundball, 6M)
Batting: RHB Ángel Macías 0-0: Called Strike
0-1: Foul Ball, location: 2F
0-2: Ball
1-2: Ball
2-2: Strikes out swinging
Batting: RHB Jim Unknown 0-0: Called Strike
0-1: Ball
1-1: Ball
2-1: Ball
3-1: Base on Balls
Batting: LHB Jim Unknown 0-0: Called Strike
0-1: Swinging Strike
0-2: Foul Ball, location: 2F
0-2: Foul Ball, location: 2F
0-2: Foul Ball, location: 2F
0-2: SINGLE (Groundball, 3)
Jim Unknown to second
Runner from 2nd tries for 3rd, SAFE, throw made to third
Batting: LHB Sisto Pagnamenta 0-0: Ball
1-0: Ball
2-0: Called Strike
2-1: Ball
3-1: Base on Balls
Jim Unknown to second
Batting: RHB Mike Taylor 0-0: Called Strike
0-1: Foul Ball, location: 2F
0-2: Ball
1-2: Ball
2-2: Strikes out swinging
Top of the 1st over - 0 run(s), 1 hit(s), 0 error(s), 3 left on base; Nebraska 0 - Put-In-Bay 0
BOTTOM OF THE 1ST
Put-In-Bay BC batting - Pitching for Nebraska Plainsmen : RHP Tristan Young
Pitching: RHP Tristan Young
Batting: RHB Jack Burton 0-0: Ball
1-0: Ball
2-0: Ball
3-0: Base on Balls
Batting: RHB José Vázquez 0-0: Called Strike
0-1: Ball
1-1: Swinging Strike
1-2: Ball
2-2: Ball
3-2: Ground out 4-3 (Groundball, 4M)
Jack Burton to second
Batting: LHB Aquiles Marmelo 0-0: Foul Ball, location: 2F
0-1: Ball
1-1: Ball
2-1: Ball
3-1: Called Strike
3-2: Foul Ball, location: 2F
3-2: Strikes out looking
Batting: RHB Francis Kelly 0-0: Ball
1-0: Called Strike
1-1: Called Strike
1-2: Foul Ball, location: 2F
1-2: Fly out, F4 (Popup, 3D)
Bottom of the 1st over - 0 run(s), 0 hit(s), 0 error(s), 1 left on base; Nebraska 0 - Put-In-Bay 0
TOP OF THE 2ND
Nebraska Plainsmen batting - Pitching for Put-In-Bay BC : RHP Gabriel Escobar
Batting: RHB Bob Barlow 0-0: Ball
1-0: Foul Ball, location: 2F
1-1: Foul Ball, location: 2F
1-2: Ball
2-2: Ground out 5-3 (Groundball, 56)
Batting: RHB Bryce Honour 0-0: Ball
1-0: Called Strike
1-1: Ball
2-1: Called Strike
2-2: Strikes out looking
Batting: RHB Lorenzo Ruíz 0-0: Ball
1-0: Swinging Strike
1-1: Foul Ball, location: 2F
1-2: Ground out 6-3 (Groundball, 6)
Top of the 2nd over - 0 run(s), 0 hit(s), 0 error(s), 0 left on base; Nebraska 0 - Put-In-Bay 0
BOTTOM OF THE 2ND
Put-In-Bay BC batting - Pitching for Nebraska Plainsmen : RHP Tristan Young
Batting: LHB Locke Lamora 0-0: Ball
1-0: Ball
2-0: Ground out 4-3 (Groundball, 4)
Batting: RHB Rocky Cantrell 0-0: Fly out, F9 (Flyball, 9S)
Batting: RHB Steve Koch 0-0: Ball
1-0: Swinging Strike
1-1: Called Strike
1-2: Strikes out swinging
Bottom of the 2nd over - 0 run(s), 0 hit(s), 0 error(s), 0 left on base; Nebraska 0 - Put-In-Bay 0
TOP OF THE 3RD
Nebraska Plainsmen batting - Pitching for Put-In-Bay BC : RHP Gabriel Escobar
Batting: RHB George St. Clair 0-0: Fly out, F6 (Popup, 6D)
Batting: RHB Ángel Macías 0-0: Ball
1-0: Ball
2-0: Ball
3-0: Called Strike
3-1: Foul Ball, location: 2F
3-2: Base on Balls
Batting: RHB Jim Unknown 0-0: Ball
1-0: Foul Ball, location: 2F
1-1: Called Strike
1-2: SINGLE (Line Drive, 78S)
Ángel Macías to second
Batting: LHB Jim Unknown 0-0: Ball
1-0: Fly out, F7 (Flyball, 7LS)
Batting: LHB Sisto Pagnamenta 0-0: Called Strike
0-1: Ball
1-1: Swinging Strike
1-2: Strikes out swinging
Top of the 3rd over - 0 run(s), 1 hit(s), 0 error(s), 2 left on base; Nebraska 0 - Put-In-Bay 0
BOTTOM OF THE 3RD
Put-In-Bay BC batting - Pitching for Nebraska Plainsmen : RHP Tristan Young
Batting: RHB Carlos Trujillo 0-0: Fly out, F8 (Flyball, 8RM)
Batting: RHB Manuel Sánchez 0-0: Foul Ball, location: 2F
0-1: Fly out, F4 (Popup, 4M)
Batting: RHB Jack Burton 0-0: Fly out, F8 (Flyball, 78M)
Bottom of the 3rd over - 0 run(s), 0 hit(s), 0 error(s), 0 left on base; Nebraska 0 - Put-In-Bay 0
TOP OF THE 4TH
Nebraska Plainsmen batting - Pitching for Put-In-Bay BC : RHP Gabriel Escobar
Batting: RHB Mike Taylor 0-0: Ball
1-0: Ball
2-0: Swinging Strike
2-1: Ball
3-1: Foul Ball, location: 2F
3-2: Strikes out swinging
Batting: RHB Bob Barlow 0-0: Ball
1-0: Ground out 1-3 (Groundball, 13)
Batting: RHB Bryce Honour 0-0: SINGLE (Line Drive, 9S)
Batting: RHB Lorenzo Ruíz 0-0: Ball
1-0: Called Strike
1-1: Called Strike
1-2: Ball
2-2: Fly out, F8 (Line Drive, 8LM)
Top of the 4th over - 0 run(s), 1 hit(s), 0 error(s), 1 left on base; Nebraska 0 - Put-In-Bay 0
BOTTOM OF THE 4TH
Put-In-Bay BC batting - Pitching for Nebraska Plainsmen : RHP Tristan Young
Batting: RHB José Vázquez 0-0: Foul Ball, location: 2F
0-1: Fly out, F8 (Flyball, 8RM)
Batting: LHB Aquiles Marmelo 0-0: Ball
1-0: Ball
2-0: Ball
3-0: Called Strike
3-1: Foul Ball, location: 2F
3-2: Base on Balls
Batting: RHB Francis Kelly 0-0: Ball
1-0: Ball
2-0: Foul Ball, location: 2F
2-1: Fly out, F2 (Popup, 23F)
Batting: LHB Locke Lamora 0-0: Ball
Aquiles Marmelo is caught stealing 2nd base
Bottom of the 4th over - 0 run(s), 0 hit(s), 0 error(s), 0 left on base; Nebraska 0 - Put-In-Bay 0
TOP OF THE 5TH
Nebraska Plainsmen batting - Pitching for Put-In-Bay BC : RHP Gabriel Escobar
Batting: RHB George St. Clair 0-0: Called Strike
0-1: Foul Ball, location: 2F
0-2: Strikes out swinging
Batting: RHB Ángel Macías 0-0: Ball
1-0: Foul Ball, location: 2F
1-1: SINGLE (Groundball, 56D)
Batting: RHB Jim Unknown 0-0: Called Strike
Ángel Macías steals 2nd base
0-1: TRIPLE (Line Drive, 7LS)
Ángel Macías scores
Batting: LHB Jim Unknown 0-0: Called Strike
0-1: Ground out 1-3 (Groundball, 23)
Pitching: RHP Elvin Glass
Batting: LHB Sisto Pagnamenta 0-0: Foul Ball, location: 2F
0-1: Swinging Strike
0-2: Strikes out swinging
Top of the 5th over - 1 run(s), 2 hit(s), 0 error(s), 1 left on base; Nebraska 1 - Put-In-Bay 0
BOTTOM OF THE 5TH
Put-In-Bay BC batting - Pitching for Nebraska Plainsmen : RHP Tristan Young
Batting: LHB Locke Lamora 0-0: Ball
1-0: Ball
2-0: Foul Ball, location: 2F
2-1: Foul Ball, location: 2F
2-2: Strikes out swinging
Batting: RHB Rocky Cantrell 0-0: Ball
1-0: Called Strike
1-1: Fly out, F9 (Flyball, 9D)
Batting: RHB Steve Koch 0-0: Ball
1-0: Ball
2-0: Ball
3-0: Base on Balls
Batting: RHB Carlos Trujillo 0-0: Ball
1-0: SINGLE (Line Drive, 4M)
Steve Koch to second
Runner from 2nd tries for 3rd, SAFE, throw made to third
Batting: RHB Manuel Sánchez 0-0: Fly out, F8 (Flyball, 8LM)
Bottom of the 5th over - 0 run(s), 1 hit(s), 0 error(s), 2 left on base; Nebraska 1 - Put-In-Bay 0
TOP OF THE 6TH
Nebraska Plainsmen batting - Pitching for Put-In-Bay BC : RHP Elvin Glass
Batting: RHB Mike Taylor 0-0: Called Strike
0-1: Ball
1-1: Ball
2-1: Ball
3-1: SINGLE (Line Drive, 6M)
Batting: RHB Bob Barlow 0-0: Ball
1-0: Bunted foul
1-1: Sac Bunt - play at first, batter OUT! 1-4
Mike Taylor to second
Batting: RHB Bryce Honour 0-0: Called Strike
0-1: Called Strike
0-2: Ball
1-2: Strikes out swinging
Batting: RHB Lorenzo Ruíz 0-0: Ball
1-0: Swinging Strike
1-1: Called Strike
1-2: Strikes out swinging
Top of the 6th over - 0 run(s), 1 hit(s), 0 error(s), 1 left on base; Nebraska 1 - Put-In-Bay 0
BOTTOM OF THE 6TH
Put-In-Bay BC batting - Pitching for Nebraska Plainsmen : RHP Tristan Young
Batting: RHB Jack Burton 0-0: Called Strike
0-1: Ball
1-1: SINGLE (Groundball, 56D)
Batting: RHB José Vázquez 0-0: Ball
1-0: Bunted foul
1-1: Sac Bunt - play at first, batter OUT! 5-4
Jack Burton to second
Batting: LHB Aquiles Marmelo 0-0: Ball
1-0: SINGLE (Groundball, 34D)
Jack Burton to third
Pitching: RHP Gerardo Negrón
Batting: RHB Francis Kelly 0-0: Ball
1-0: Foul Ball, location: 2F
1-1: Ball
2-1: Foul Ball, location: 2F
2-2: Ball
3-2: Strikes out swinging
Batting: LHB Locke Lamora 0-0: Ball
1-0: Foul Ball, location: 2F
1-1: Swinging Strike
1-2: Ball
2-2: Ball
3-2: Foul Ball, location: 2F
3-2: Strikes out looking
Bottom of the 6th over - 0 run(s), 2 hit(s), 0 error(s), 2 left on base; Nebraska 1 - Put-In-Bay 0
TOP OF THE 7TH
Nebraska Plainsmen batting - Pitching for Put-In-Bay BC : RHP Elvin Glass
Batting: RHB George St. Clair 0-0: Ball
1-0: Foul Ball, location: 2F
1-1: Foul Ball, location: 2F
1-2: Foul Ball, location: 2F
1-2: Ball
2-2: Ball
3-2: Foul Ball, location: 2F
3-2: Strikes out swinging
Batting: RHB Ángel Macías 0-0: Foul Ball, location: 2F
0-1: Ball
1-1: Called Strike
1-2: Strikes out swinging
Batting: RHB Jim Unknown 0-0: Foul Ball, location: 2F
0-1: Ball
1-1: Fly out, F7 (Line Drive, 7LM)
Top of the 7th over - 0 run(s), 0 hit(s), 0 error(s), 0 left on base; Nebraska 1 - Put-In-Bay 0
BOTTOM OF THE 7TH
Put-In-Bay BC batting - Pitching for Nebraska Plainsmen : RHP Gerardo Negrón
Batting: RHB Rocky Cantrell 0-0: Ball
1-0: Foul Ball, location: 2F
1-1: Foul Ball, location: 2F
1-2: Strikes out looking
Batting: RHB Steve Koch 0-0: Called Strike
0-1: Foul Ball, location: 2F
0-2: Foul Ball, location: 2F
0-2: Strikes out swinging
Batting: RHB Carlos Trujillo 0-0: Swinging Strike
0-1: Ground out 6-3 (Groundball, 6)
Bottom of the 7th over - 0 run(s), 0 hit(s), 0 error(s), 0 left on base; Nebraska 1 - Put-In-Bay 0
TOP OF THE 8TH
Nebraska Plainsmen batting - Pitching for Put-In-Bay BC : RHP Elvin Glass
Batting: LHB Jim Unknown 0-0: Ball
1-0: SINGLE (Line Drive, 6MD)
Batting: LHB Sisto Pagnamenta 0-0: Ball
Jim Unknown steals 2nd base
1-0: Foul Ball, location: 2F
1-1: Swinging Strike
1-2: Ball
2-2: Strikes out swinging
Pitching: RHP Carlos Ibarra
Batting: RHB Mike Taylor 0-0: Ball
1-0: Called Strike
1-1: Ball
2-1: Foul Ball, location: 2F
2-2: Fly out, F4 (Popup, 8RS)
Batting: RHB Bob Barlow 0-0: Ball
1-0: Ball
2-0: Called Strike
2-1: Ball
3-1: Base on Balls
Pinch Hitting: RHB Carl Wheezer 0-0: Ball
1-0: Foul Ball, location: 2F
1-1: Called Strike
1-2: Foul Ball, location: 2F
1-2: Ball
2-2: Ball
3-2: Strikes out swinging
Top of the 8th over - 0 run(s), 1 hit(s), 0 error(s), 2 left on base; Nebraska 1 - Put-In-Bay 0
BOTTOM OF THE 8TH
Put-In-Bay BC batting - Pitching for Nebraska Plainsmen : RHP Gerardo Negrón
Pitching: RHP Enrique Castillo
Now at 2B: Carl Wheezer
Batting: RHB Manuel Sánchez 0-0: Ball
1-0: Ball
2-0: Called Strike
2-1: Ball
3-1: Base on Balls
Batting: RHB Jack Burton 0-0: Bunt missed!
0-1: Ball
1-1: Sac Bunt - play at second, runner OUT! 5-6
Pinch Hitting: LHB Alan Hardy 0-0: Foul Ball, location: 2F
0-1: Ball
1-1: Swinging Strike
1-2: Foul Ball, location: 2F
1-2: Foul Ball, location: 2F
1-2: Grounds into double play, 4-6-3 (Groundball, 4)
Bottom of the 8th over - 0 run(s), 0 hit(s), 0 error(s), 0 left on base; Nebraska 1 - Put-In-Bay 0
TOP OF THE 9TH
Nebraska Plainsmen batting - Pitching for Put-In-Bay BC : RHP Carlos Ibarra
Pitching: LHP José Tovar
Now at 1B: Barton Nagel
Batting: RHB Lorenzo Ruíz 0-0: Ball
1-0: SINGLE (Flyball, 7S)
Batting: RHB George St. Clair 0-0: Ball
1-0: Sac Bunt - play at first, batter OUT! 5-4
Lorenzo Ruíz to second
Pinch Hitting: RHB Jim Unknown 0-0: Called Strike
0-1: Ball
1-1: Ball
2-1: Swinging Strike
2-2: Strikes out swinging
Batting: RHB Jim Unknown 0-0: Ball
1-0: Fly out, F8 (Flyball, 8RM)
Top of the 9th over - 0 run(s), 1 hit(s), 0 error(s), 1 left on base; Nebraska 1 - Put-In-Bay 0
BOTTOM OF THE 9TH
Put-In-Bay BC batting - Pitching for Nebraska Plainsmen : RHP Enrique Castillo
Pitching: RHP Noah Shellenbarger
Now at SS: Levi Tess
Batting: LHB Aquiles Marmelo 0-0: Ball
1-0: Swinging Strike
1-1: Ground out 4-3 (Groundball, 4)
Batting: RHB Francis Kelly 0-0: Ball
1-0: Ball
2-0: Ball
3-0: Called Strike
3-1: TRIPLE (Line Drive, 8LM)
Batting: LHB Locke Lamora 0-0: Swinging Strike
0-1: Ground out U3 (Groundball, 3)
Pinch Hitting: LHB Dale Miller 0-0: Ball
1-0: Foul Ball, location: 2F
1-1: Fly out, F7 (Flyball, 7M)
Bottom of the 9th over - 0 run(s), 1 hit(s), 0 error(s), 1 left on base; Nebraska 1 - Put-In-Bay 0
This league is powered by Out of the Park Baseball, the baseball management simulation game for PC, Mac and Linux
Monday, October 3rd, 2016 - OOTP Baseball 16.9 Build 39